 Dungeon Crawl Stone Soup version 0.22-a0-512-g0943f25 (webtiles) character file.

2188 Findor the Skirmisher (level 9, -6/74 HPs)
             Began as a Gnoll Wanderer on June 18, 2018.
             Was a Follower of Okawaru.
             Mangled by an orc warrior
             ... wielding a +3 dire flail
              (20 damage)
             ... on level 7 of the Dungeon.
             The game lasted 00:11:49 (9018 turns).

Findor the Skirmisher (Gnoll Wanderer)              Turns: 9018, Time: 00:11:50

Health: -6/74      AC:  9    Str: 13    XL:     9   Next: 33%
Magic:  13/15      EV: 20    Int: 18    God:    Okawaru [*.....]
Gold:   441        SH:  0    Dex: 16    Spells: 16/16 levels left

rFire    . . .     SeeInvis .   p - +3 war axe
rCold    . . .     Gourm    .   (no shield)
rNeg     + . .     Faith    .   a - +2 leather armour
rPois    .         Spirit   .   (no helmet)
rElec    .         Reflect  .   z - +0 cloak
rCorr    .         Harm     .   (no gloves)
MR       .....     Clarity  +   (no boots)
Stlth    ++++......             (no amulet)
HPRegen  0.22/turn              m - ring of positive energy
MPRegen  0.14/turn              (no ring)

@: heroism
A: distributed training, fangs 1, icy blue scales 1, clarity, strong nose
a: Heroism, Renounce Religion


You were on level 7 of the Dungeon.
You worshipped Okawaru.
Okawaru was aware of your devotion.
You were hungry.

You visited 2 branches of the dungeon, and saw 9 of its levels.

You collected 441 gold pieces.


Innate Abilities, Weirdness & Mutations

Your experience applies equally to all skills.
You have very sharp teeth.
Your uncanny sense of smell can sniff out nearby items.
You are partially covered in icy blue scales. (AC +2)
You possess an exceptional clarity of mind.


   Skills:
 + Level 7.8(12.8) Fighting
 + Level 4.0(9.0) Short Blades
 + Level 6.2(11.2) Long Blades
 + Level 4.0(9.0) Axes
 + Level 4.0(9.0) Maces & Flails
 + Level 4.9(9.9) Polearms
 + Level 4.0(9.0) Staves
 + Level 4.0(9.0) Slings
 + Level 4.0(9.0) Bows
 + Level 4.0(9.0) Crossbows
 + Level 4.9(9.9) Throwing
 + Level 4.0(9.0) Armour
 + Level 6.2(11.2) Dodging
 + Level 4.7(9.7) Stealth
 + Level 4.0(9.0) Shields
 + Level 4.0(9.0) Unarmed Combat
 + Level 4.0 Spellcasting
 + Level 3.3 Conjurations
 + Level 3.3 Hexes
 + Level 3.3 Charms
 + Level 3.3 Summonings
 + Level 3.3 Necromancy
 + Level 3.3 Translocations
 + Level 3.3 Transmutations
 + Level 3.3 Fire Magic
 + Level 3.3 Ice Magic
 + Level 3.3 Air Magic
 + Level 3.3 Earth Magic
 + Level 3.3 Poison Magic
 + Level 4.5 Invocations
 + Level 4.0 Evocations


You had 16 spell levels left.
You didn't know any spells.
Your spell library contained the following spells:

 Spells                   Type           Power        Failure   Level  Hunger
 Summon Small Mammal      Summ           ###.         4%          1    None
 Summon Ice Beast         Ice/Summ       ###.....     41%         4    ####...
 Call Imp                 Summ           ###.....     7%          2    ##.....
 Call Canine Familiar     Summ           ###.....     14%         3    ###....
 Summon Lightning Spire   Summ/Air       ###.....     41%         4    ####...
 Summon Guardian Golem    Hex/Summ       ###.....     14%         3    ###....

Inventory:

Hand Weapons
 b - a +0 quarterstaff
 i - a +0 dagger of flaming
   (You took it off a kobold on level 1 of the Dungeon)
 j - a +0 scimitar
   (You took it off a wight on level 4 of the Dungeon)
 p - a +3 war axe (weapon)
   (You took it off a wight on level 4 of the Dungeon)
Armour
 a - a +2 leather armour (worn)
 z - a +0 cloak (worn)
   (You took it off Crazy Yiuf on level 7 of the Dungeon)
Jewellery
 m - a ring of positive energy (left hand)
   (You found it on level 2 of the Dungeon)
Wands
 t - a wand of flame (24)
   (You found it on level 8 of the Dungeon)
 v - a wand of digging (10)
   (You took it off Dowan on level 5 of the Dungeon)
 x - a wand of acid (5)
   (You found it on level 3 of the Dungeon)
Scrolls
 c - 2 scrolls of immolation {unknown}
 e - 5 scrolls of remove curse {@r2}
 g - a scroll of noise {unknown}
 h - 8 scrolls of identify {unknown}
 k - 5 scrolls of teleportation {unknown}
 l - a scroll of random uselessness {unknown}
 n - 2 scrolls of enchant armour {unknown}
 q - a scroll of enchant weapon {unknown}
 r - 6 scrolls of fog {unknown}
 s - a scroll of blinking {unknown}
 w - a scroll of amnesia {unknown}
 y - a scroll of fear {unknown}
 A - a scroll of magic mapping {unknown}
Potions
 f - 4 potions of curing {@q1}
 o - 3 potions of haste {unknown}
 u - a potion of ambrosia {unknown}
Comestibles
 d - 14 rations


Message History

No target in view!
You start resting.
You are feeling hungry.
You start resting.
You climb downwards.
The orc misses you. The orc warrior misses you. The orc misses you.
The orc completely misses you.
The orc warrior hits you with an enchanted dire flail!
The orc misses you.
There is a stone staircase leading up, spattered with blood here.
The orc barely misses you. The orc warrior closely misses you.
The orc barely misses you. The orc closely misses you.
You climb upwards.
There is a stone staircase leading down here.
You closely miss the orc warrior. You slash the orc!
You kill the orc!
Okawaru accepts your kill.
You hit the orc. You hit the orc but do no damage.
The orc hits you with a short sword. The orc misses you.
The orc warrior hits you with an enchanted dire flail!
You closely miss the orc. Your bite misses the orc. You hit the orc.
You hit the orc warrior but do no damage.
The orc misses you. The orc hits you but does no damage.
The orc warrior hits you with an enchanted dire flail.
The orc hits you but does no damage.
You hit the orc.
You kill the orc!
Okawaru accepts your kill.
You hit the orc.
You kill the orc!
Okawaru accepts your kill.
You barely miss the orc warrior.
The orc warrior hits you with an enchanted dire flail.
* * * LOW HITPOINT WARNING * * *
Okay, then.
You gain the combat prowess of a mighty hero.
The orc warrior hits you with an enchanted dire flail!!
* * * LOW HITPOINT WARNING * * *
You closely miss the orc warrior.
You bite the orc warrior, but do no damage.
The orc warrior hits you with an enchanted dire flail.
* * * LOW HITPOINT WARNING * * *
You barely miss the orc warrior.
The orc warrior hits you with an enchanted dire flail.
* * * LOW HITPOINT WARNING * * *
You slash the orc warrior!
You bite the orc warrior, but do no damage.
The orc warrior closely misses you.
You slash the orc warrior! You bite the orc warrior.
The orc warrior hits you with an enchanted dire flail!!
You die...

#####...#.♣♣ ♣♣#..)#
####### #......##♣♣ #####
#...... #......# #......
#......# #......
#......############
###......
#......#..........#
#........
###.......#.....#.#
#........
#..........)#.#.###........
#.....#.#)@................
#........o))..#.###......[.
#.....#.##.#..#.###########
#######.##.................
#.####..#.#####...###
#.####..#.# #)...#
#.......#.#####....#
######........#.##.##
#........###...#


You could see an orc warrior.

Vanquished Creatures
  A spriggan (D:7)
  Duvessa (D:5)
  4 sky beasts
  A black bear (D:6)
  An ogre (D:5)
  4 bullfrogs
  Dowan (D:5)
  3 wights
  3 crimson imps
  A quasit (D:6)
  A centaur zombie (D:5)
  2 hounds
  2 centaur skeletons
  2 bullfrog skeletons
  2 orc priests (D:7)
  Crazy Yiuf (D:7)
  An iguana (D:7)
  3 orc wizards
  6 worker ants
  2 hound zombies
  2 worker ant zombies
  6 adders
  A shadow imp (D:7)
  An ooze (D:2)
  An adder skeleton (D:6)
  3 worms
  2 dart slugs
  6 leopard geckos
  22 orcs
  8 giant cockroaches
  9 goblins
  5 hobgoblins
  12 jackals
  8 kobolds
  4 quokkas
  4 ball pythons
  10 bats
  3 frilled lizards
  8 rats
157 creatures vanquished.

Notes
Turn   | Place    | Note
-------+----------+-------------------------------------------
     0 | D:1      | Findor the Gnoll Wanderer began the quest for the Orb.
     0 | D:1      | Findor set off with: a +2 leather armour, a +0 quarterstaff, a potion of curing {@q1}, a ration
     0 | D:1      | Reached XP level 1. HP: 23/23 MP: 1/1
   157 | D:1      | Reached XP level 2. HP: 29/29 MP: 2/2
   430 | D:1      | Reached XP level 3. HP: 34/35 MP: 3/3
   812 | D:2      | Reached skill level 1 in Invocations
   931 | D:2      | Reached skill level 1 in Short Blades
   931 | D:2      | Reached skill level 1 in Axes
   931 | D:2      | Reached skill level 1 in Maces & Flails
   931 | D:2      | Reached skill level 1 in Staves
   931 | D:2      | Reached skill level 1 in Slings
   931 | D:2      | Reached skill level 1 in Bows
   931 | D:2      | Reached skill level 1 in Crossbows
   931 | D:2      | Reached skill level 1 in Armour
   931 | D:2      | Reached skill level 1 in Shields
   931 | D:2      | Reached skill level 1 in Unarmed Combat
   931 | D:2      | Reached skill level 1 in Spellcasting
   931 | D:2      | Reached skill level 1 in Evocations
   944 | D:2      | Reached XP level 4. HP: 41/41 MP: 5/5
   963 | D:2      | Found a deep blue altar of Sif Muna.
  2176 | D:3      | Reached skill level 1 in Conjurations
  2176 | D:3      | Reached skill level 1 in Hexes
  2176 | D:3      | Reached skill level 1 in Charms
  2176 | D:3      | Reached skill level 1 in Summonings
  2176 | D:3      | Reached skill level 1 in Necromancy
  2176 | D:3      | Reached skill level 1 in Translocations
  2176 | D:3      | Reached skill level 1 in Transmutations
  2176 | D:3      | Reached skill level 1 in Fire Magic
  2176 | D:3      | Reached skill level 1 in Ice Magic
  2176 | D:3      | Reached skill level 1 in Air Magic
  2176 | D:3      | Reached skill level 1 in Earth Magic
  2176 | D:3      | Reached skill level 1 in Poison Magic
  2332 | D:3      | Found a glowing golden altar of the Shining One.
  2408 | D:3      | Reached XP level 5. HP: 47/47 MP: 5/7
  2923 | D:4      | Reached skill level 3 in Polearms
  2923 | D:4      | Reached skill level 3 in Throwing
  2923 | D:4      | Reached XP level 6. HP: 36/53 MP: 8/8
  3151 | D:4      | Noticed a phantom
  3515 | D:4      | Reached skill level 3 in Stealth
  3663 | D:4      | Found a hazy altar of Hepliaklqana.
  3739 | D:4      | HP: 6/53 [worker ant (6)]
  3740 | D:4      | Gained mutation: You are partially covered in icy blue scales. (AC +2) [potion of mutation]
  3740 | D:4      | Gained mutation: You possess an exceptional clarity of mind. [potion of mutation]
  3744 | D:4      | HP: 1/79 [worker ant (4)]
  3751 | D:4      | HP: 13/79 [poisoned by a worker ant]
  3757 | D:4      | HP: 12/79 [poisoned by a worker ant]
  3762 | D:4      | HP: 12/79 [poisoned by a worker ant]
  3770 | D:4      | HP: 12/79 [poisoned by a worker ant]
  4444 | D:4      | Found a sacrificial altar of Ru.
  4480 | D:5      | Entered Level 5 of the Dungeon
  4827 | D:5      | Found a bloodstained altar of Trog.
  4831 | D:5      | Found a sparkling altar of Nemelex Xobeh.
  4915 | D:4      | HP: 7/53 [wight/scimitar (8)]
  4921 | D:4      | Reached XP level 7. HP: 8/59 MP: 10/10
  5244 | D:5      | Reached skill level 7 in Fighting
  5785 | D:5      | Found a radiant altar of Vehumet.
  5940 | D:5      | Reached skill level 3 in Invocations
  6128 | D:5      | Found a runed door.
  6129 | D:5      | Noticed Daumi's ghost (amateur SpEn)
  6158 | D:5      | Noticed Duvessa
  6159 | D:5      | Noticed Dowan
  6167 | D:5      | Killed Duvessa
  6167 | D:5      | Reached XP level 8. HP: 45/67 MP: 12/12
  6171 | D:5      | Killed Dowan
  6401 | D:6      | Reached skill level 3 in Short Blades
  6401 | D:6      | Reached skill level 3 in Axes
  6401 | D:6      | Reached skill level 3 in Maces & Flails
  6401 | D:6      | Reached skill level 3 in Staves
  6401 | D:6      | Reached skill level 3 in Slings
  6401 | D:6      | Reached skill level 3 in Bows
  6401 | D:6      | Reached skill level 3 in Crossbows
  6401 | D:6      | Reached skill level 3 in Armour
  6401 | D:6      | Reached skill level 3 in Shields
  6401 | D:6      | Reached skill level 3 in Unarmed Combat
  6401 | D:6      | Reached skill level 3 in Spellcasting
  6401 | D:6      | Reached skill level 3 in Evocations
  6494 | D:6      | Found a staircase to the Ecumenical Temple.
  6528 | Temple   | Entered the Ecumenical Temple
  6633 | Temple   | Became a worshipper of Warmaster Okawaru
  7590 | D:7      | Reached skill level 3 in Conjurations
  7590 | D:7      | Reached skill level 3 in Hexes
  7590 | D:7      | Reached skill level 3 in Charms
  7590 | D:7      | Reached skill level 3 in Summonings
  7590 | D:7      | Reached skill level 3 in Necromancy
  7590 | D:7      | Reached skill level 3 in Translocations
  7590 | D:7      | Reached skill level 3 in Transmutations
  7590 | D:7      | Reached skill level 3 in Fire Magic
  7590 | D:7      | Reached skill level 3 in Ice Magic
  7590 | D:7      | Reached skill level 3 in Air Magic
  7590 | D:7      | Reached skill level 3 in Earth Magic
  7590 | D:7      | Reached skill level 3 in Poison Magic
  7613 | D:7      | Found a shimmering altar of Xom.
  7613 | D:7      | Found a shimmering altar of Xom.
  7614 | D:7      | Found a shimmering altar of Xom.
  7618 | D:7      | Found a shimmering altar of Xom.
  7684 | D:7      | Found a stormy altar of Qazlal.
  7686 | D:7      | Noticed an air elemental
  7704 | D:7      | Noticed a water elemental
  7717 | D:7      | Reached XP level 9. HP: 38/72 MP: 14/14
  7718 | D:7      | Reached skill level 6 in Long Blades
  7718 | D:7      | Reached skill level 6 in Dodging
  7721 | D:7      | Reached * piety under Okawaru
  8161 | D:7      | Found an opulent altar of Gozag.
  8640 | D:7      | Found a runed door.
  8762 | D:7      | Noticed Crazy Yiuf
  8769 | D:7      | Killed Crazy Yiuf
  9016 | D:7      | HP: 13/74 [orc warrior/enchanted dire flail (4)]
  9018 | D:7      | Mangled by an orc warrior

Vault maps used:
D:1:      ncdulo_watergridlock
D:2:      lemuel_coloured_pillars_altar, serial_co_window_serial,
          co_window_paths_b, co_window_paths_a, co_window_paths_a,
          co_window_paths_a, co_window_paths_a, co_window_corner_a,
          co_window_paths_a, co_window_paths_a, co_window_paths_a,
          co_window_of_opportunity_c, co_window_unsneaky_path_a,
          co_window_2corner, co_window_of_opportunity_c,
          co_window_of_opportunity_b, co_window_paths_d, glass_columns_c,
          first_ration
D:3:      tso_oasis_becter
D:4:      nicolae_ru_path_of_blood, kennysheep_mini, hangedman_decor_peaks_small
D:5:      bloody_trog, nemelex_xobeh_ov_fountains_minmay, lemuel_doored_altar,
          gammafunk_ghost_grave, corexii_shack, uniq_duvessa
D:6:      minmay_temple_entry_junction_2
D:7:      nicolae_qazlal_style_of_elements, xom_redecorated, basic_altar,
          the_bakery, uniq_crazy_yiuf_cottage
D:8:      lemuel_crystal_altar, gammafunk_temple_overflow_elements,
          gammafunk_ghost_grave, sigmund_army
Temple:   pf_slimified_temple

Action                   |  1- 3 |  4- 6 |  7- 9 || total
-------------------------+-------+-------+-------++-------
Melee: Quarterstaff      |    17 |       |       ||    17
       Bite              |     9 |    34 |    30 ||    73
       Dagger            |   126 |   339 |       ||   465
       Punch             |       |     4 |       ||     4
       War axe           |       |       |   251 ||   251
       Scimitar          |       |       |     6 ||     6
Invok: Heroism           |       |       |     2 ||     2
Evoke: Wand              |       |     2 |       ||     2
  Use: Scroll            |       |     2 |       ||     2
       Potion            |       |     6 |     1 ||     7
 Stab: Sleeping          |     6 |     9 |     5 ||    20
  Eat: Chunk             |       |    13 |     6 ||    19
       Ration            |       |       |     2 ||     2
Armor: Leather armour    |    42 |    80 |   115 ||   237
       Skin              |       |    18 |       ||    18
Dodge: Dodged            |   143 |   272 |   269 ||   684
       Rpst.: Scimitar   |       |       |     2 ||     2
